 Dungeon Crawl Stone Soup version 0.21-a0-513-gdcb3f5e (webtiles) character file.

13935 theanonym the Cleaver (level 12, -3/98 HPs)
             Began as a Formicid Abyssal Knight on Dec 2, 2017.
             Was an Elder of Lugonu.
             Killed from afar by an ice statue (16 damage)
             ... with a bolt of cold
             ... in an ice cave.
             The game lasted 00:32:55 (18689 turns).

theanonym the Cleaver (Formicid Abyssal Knight)    Turns: 18689, Time: 00:32:56

Health: -3/98      AC: 13    Str: 26    XL:     12   Next: 38%
Magic:  18/18      EV: 11    Int: 13    God:    Lugonu [****..]
Gold:   592        SH: 10    Dex: 10    Spells: 11/11 levels left

rFire    x . .     SeeInvis +   a - +0 war axe
rCold    + . .     Gourm    +   t - +0 shield (curse)
rNeg     . . .     Faith    .   D - +0 plate armour
rPois    .         Spirit   .   (helmet unavailable)
rElec    .         Reflect  .   J - +0 cloak
rCorr    .         Harm     .   k - +0 pair of gloves
MR       +....                  (no boots)
Stlth    ..........             i - amulet of the gourmand {Gourm}
HPRegen  0.26/turn              p - ring of ice {rC+, rF-}
MPRegen  0.16/turn              A - +6 ring of evasion

@: mighty
A: permanent stasis, dig shafts and tunnels, four strong arms, antennae 3
a: Dig, Shaft Self, Depart the Abyss, Bend Space, Banish, Corrupt, Renounce
Religion


Innate Abilities, Weirdness & Mutations

You cannot be hasted, slowed, berserked, paralysed or teleported.
You can dig through walls and to a lower floor.
Your four strong arms can wield two-handed weapons with a shield.
You have a pair of large antennae on your head. (SInv)


   Skills:
 - Level 10.5 Fighting
 * Level 14.6 Axes
 - Level 2.1 Armour
 - Level 0.8 Dodging
 + Level 4.6 Shields
 - Level 8.0 Invocations


You had 11 spell levels left.
You didn't know any spells.

Skill      XL: |  1  2  3  4  5  6  7  8  9 10 11 12 |
---------------+-------------------------------------+-----
Axes           | 3 4 5 7 8 10 12 13 14 | 14.6
Invocations    | 3 4 5 6 8 |  8.0
Fighting       | 5 7 9 10 | 10.5
Shields        | 1 4 |  4.6
Armour         | |  2.1
Dodging        | |  0.8

Action                   |  1- 3 |  4- 6 |  7- 9 | 10-12 || total
-------------------------+-------+-------+-------+-------++-------
Melee: Hand axe          |   115 |   263 |   235 |       ||   613
       War axe           |       |       |    78 |   871 ||   949
Throw: Tomahawk          |       |       |       |    11 ||    11
Invok: Depart the Abyss  |     1 |       |       |       ||     1
       Bend Space        |       |     2 |     1 |     3 ||     6
       Banish            |       |       |     2 |    10 ||    12
 Abil: Dig               |       |       |       |     4 ||     4
Evoke: Wand              |       |     2 |     2 |    18 ||    22
  Use: Scroll            |     2 |     7 |     2 |     7 ||    18
       Potion            |       |     2 |       |     7 ||     9
 Stab: Sleeping          |       |     1 |       |       ||     1
       Paralysed         |       |       |       |     3 ||     3
       Distracted        |       |       |       |     1 ||     1
  Eat: Chunk             |     1 |    15 |    28 |    40 ||    84
       Bread ration      |       |       |       |     1 ||     1
Armor: Leather armour    |    38 |    44 |       |       ||    82
       Ring mail         |       |    13 |       |       ||    13
       Chain mail        |       |    39 |   103 |       ||   142
       Plate armour      |       |       |    45 |   342 ||   387
       Skin              |       |       |       |    37 ||    37
Dodge: Dodged            |    65 |   162 |   118 |   331 ||   676
Block: Shield            |       |       |       |   260 ||   260

Inventory:

Hand Weapons
 a - a +0 war axe (weapon)
   (You took it off an orc warrior on level 5 of the Dungeon)
 b - a +1 hand axe
 g - the +1 hand axe "Qaunn" {flame, *Slow Str+8 Int+2}
   (You found it on level 4 of the Dungeon)

   It has been specially enchanted to burn those struck by it, causing extra
   injury to most foes and up to half again as much damage against particularly
   susceptible opponents.
   Big, fiery blades are also staple armaments of hydra-hunters.
   It affects your strength (+8).
   It affects your intelligence (+2).
   It may slow you when you take damage.
Missiles
 o - 19 tomahawks (quivered)
 x - 7 javelins of returning
 G - 2 throwing nets
Armour
 k - a +0 pair of gloves (worn)
   (You found it on level 2 of the Dungeon)
 t - a cursed +0 shield (worn)
   (You found it on level 7 of the Dungeon)
 D - a +0 plate armour (worn)
   (You took it off an orc warrior on level 6 of the Dungeon)
 J - a +0 cloak (worn)
   (You found it on level 11 of the Dungeon)
Jewellery
 i - an amulet of the gourmand (around neck) {Gourm}
   (You found it on level 2 of the Dungeon)
 j - an uncursed ring of positive energy {rN+}
   (You found it on level 2 of the Dungeon)
 m - an uncursed ring of positive energy {rN+}
   (You found it on level 5 of the Dungeon)
 p - a ring of ice (left hand) {rC+, rF-}
   (You took it off an orc wizard on level 7 of the Dungeon)
 A - a +6 ring of evasion (right hand)
   (You found it on level 5 of the Dungeon)
Wands
 l - a wand of polymorph (5)
   (You found it on level 2 of the Dungeon)
 H - a wand of random effects (12)
   (You found it on level 11 of the Dungeon)
Scrolls
 d - a scroll of fear {!r}
 e - 10 scrolls of remove curse
 f - 3 scrolls of fog {!r}
 h - a scroll of blinking {unknown}
 r - 3 scrolls of identify
 y - 4 scrolls of enchant weapon
 z - 3 scrolls of amnesia
 B - a scroll of immolation
 C - 2 scrolls of enchant armour
Potions
 n - a potion of flight
 v - a potion of cancellation
 w - 2 potions of curing
 F - a potion of might
Books
 q - a book of Air
   (You found it on level 9 of the Dungeon)

   Spells                             Type                      Level
   a - Shock                          Conjuration/Air              1
   b - Swiftness                      Charms/Air                   2
   c - Static Discharge               Conjuration/Air              3
   d - Airstrike                      Air                          4
   e - Lightning Bolt                 Conjuration/Air              5
Comestibles
 c - 5 bread rations
 s - 2 royal jellies
 u - 3 meat rations

Dungeon Overview and Level Annotations

Branches:
Dungeon (11/15)            Temple (0/1) D:7            Lair (0/6) D:9
    Orc: D:9-12

Altars:
Elyvilon
Fedhas
Nemelex Xobeh
Sif Muna
Uskayaw
Wu Jian
Yredelemnul
Zin

Shops:
D:9 :

Portals:
Trove: D:11 (give manual of Staves)

Annotations:
D:7 exclusion: 2 doors
Abyss:1 Erica, Joseph IceCv exclusion: 3 ice statues You were in an ice cave. You worshipped Lugonu. Lugonu was greatly pleased with you. You were very full. You visited 1 branch of the dungeon, and saw 11 of its levels. You visited the
Abyss 1 time. You also visited: Ice Cave. You collected 592 gold pieces.


Message History

You block the white ugly thing's attack.
You slash the white ugly thing!
You kill the white ugly thing!
Lugonu accepts your kill.
No target in view!
No target in view!
No target in view!
You start resting.
Health restored: 98 You see here an ugly thing corpse.
o - 18 tomahawks (gained 1)
o - 19 tomahawks (gained 1) 2 ice statues come into view.
An ice statue comes into view.
The ice statue gestures.
The ice statue gestures at you. The freezing blast engulfs you! You resist.
You are engulfed in freezing vapours.
You resist.
You take 7 damage, and have 91/98 hp.
You barely miss the ice beast.
You are engulfed in freezing vapours.
You resist.
You take 7 damage, and have 84/98 hp.
You hit the ice beast.
You are engulfed in freezing vapours.
You resist. The ice beast closely misses you.
The ice statue gestures. x2
You take 2 damage, and have 82/98 hp.
You are engulfed in freezing vapours.
You resist. You block the ice beast's attack.
The ice beast completely misses you.
You take 7 damage, and have 75/98 hp.
You hit the ice statue but do no damage.
You completely miss the ice beast. You barely miss the ice beast.
You are engulfed in freezing vapours.
You resist. You block the ice beast's attack.
The ice statue gestures. x2
You take 3 damage, and have 72/98 hp.
You hit the ice statue. You hit the ice beast. x2
You closely miss the ice beast. The ice beast closely misses you.
The ice beast completely misses you.
You slash the ice statue! You closely miss the ice beast.
You hit the ice beast. x2; The ice beast hits you.
The ice beast freezes you. You resist. The ice beast closely misses you.
The ice beast hits you but does no damage.
You take 4 damage, and have 68/98 hp.
You slash the ice statue!
You hit the ice beast. x2; You slash the ice beast!
The ice statue gestures at you. The freezing blast misses you.
The ice beast completely misses you.
The ice statue gestures.
The ice beast hits you but does no damage.
You hit the ice statue but do no damage.
You hit the ice beast but do no damage. You hit the ice beast.
You hit the ice beast but do no damage.
You are engulfed in freezing vapours.
You resist.
The ice beast hits you but does no damage.
The ice beast barely misses you. The ice statue gestures at you.
The bolt of cold hits you! You resist.
* * * LOW HITPOINT WARNING * * *
The ice statue gestures.
The ice beast closely misses you.
You take 24 damage, and have 44/98 hp.
MASSIVE DAMAGE!!
You hit the ice statue.
Your plate armour prevents you from hitting the ice beast.
Your shield and plate armour prevent you from hitting the ice beast.
You closely miss the ice beast.
You are engulfed in freezing vapours.
You resist.
* * * LOW HITPOINT WARNING * * *
The ice beast barely misses you.
The ice statue gestures.
The ice beast hits you but does no damage.
You take 9 damage, and have 35/98 hp.
You slice the ice statue!! You hit the ice beast. You slash the ice beast!
You hit the ice beast but do no damage.
You are engulfed in freezing vapours.
You resist.
* * * LOW HITPOINT WARNING * * *
The ice beast closely misses you. x2; You block the ice beast's attack.
You take 11 damage, and have 24/98 hp.
You hit the ice statue but do no damage.
Your shield and plate armour prevent you from hitting the ice beast. x2
You hit the ice beast.
You are engulfed in freezing vapours.
You resist.
* * * LOW HITPOINT WARNING * * *
The ice beast misses you.
The ice beast hits you but does no damage.
You take 3 damage, and have 21/98 hp.
You feel very mighty all of a sudden.
You are engulfed in freezing vapours.
You resist.
* * * LOW HITPOINT WARNING * * *
The ice statue gestures at you. The bolt of cold hits you! You resist.
* * * LOW HITPOINT WARNING * * *
The ice beast hits you but does no damage.
The ice beast barely misses you. You block the ice beast's attack.
You take 19 damage, and have 2/98 hp.
Okay, then.
Okay, then.
Unknown command.
You don't have enough health at the moment.
Okay, then.
You feel better. The ice statue gestures at you. The bolt of cold hits you!
You resist.
You die...

############# #####
##..YY8#.....## ##....
##...Y@Y#......###.....
#.....Y.#.......#......
#.......#.......#......
.8..............†...∩..∩
.#.....Y.#.......#......
#.......#.......#......
##......#).....###.....
##....8#.(...## ##....
############# #####


You could see 3 ice statues and 6 ice beasts.

Notes
Turn   | Place    | Note
-------+----------+-------------------------------------------
     0 | Abyss:1  | theanonym the Formicid Abyssal Knight began the quest for the Orb.
     0 | Abyss:1  | Reached XP level 1. HP: 18/18 MP: 2/2
   198 | Abyss:1  | Noticed a large abomination
   213 | Abyss:1  | Noticed a smoke demon
   215 | D:1      | Escaped the Abyss
   238 | D:1      | Reached * piety under Lugonu
   301 | D:1      | Reached XP level 2. HP: 17/24 MP: 3/3
   305 | D:1      | HP: 12/24 [hobgoblin/club (1)]
   546 | D:1      | Reached skill level 3 in Axes
   593 | D:1      | Reached XP level 3. HP: 26/29 MP: 4/4
  1150 | D:1      | Reached ** piety under Lugonu
  1287 | D:1      | Reached skill level 4 in Axes
  1287 | D:1      | Reached XP level 4. HP: 22/35 MP: 5/5
  1657 | D:2      | HP: 17/35 [poisoned by an adder]
  1662 | D:2      | HP: 14/35 [poisoned by an adder]
  1667 | D:2      | HP: 10/35 [poisoned by an adder]
  1673 | D:2      | HP: 8/35 [poisoned by an adder]
  1681 | D:1      | HP: 7/35 [poisoned by an adder]
  2312 | D:2      | Reached XP level 5. HP: 29/41 MP: 6/6
  2650 | D:2      | Found a sparkling altar of Nemelex Xobeh.
  2659 | D:2      | Reached *** piety under Lugonu
  2661 | D:2      | Reached skill level 3 in Invocations
  3043 | D:3      | Noticed p0werm0de's ghost (weakling KoCK)
  3049 | D:3      | HP: 20/41 [p0werm0de's ghost (8)]
  3295 | D:3      | HP: 20/41 [p0werm0de's ghost (3)]
  3301 | D:3      | Killed p0werm0de's ghost
  3301 | D:3      | Reached skill level 5 in Axes
  3592 | D:3      | Found a basalt altar of Yredelemnul.
  3770 | D:3      | Reached XP level 6. HP: 42/47 MP: 8/8
  3775 | D:3      | HP: 20/47 [worker ant (5)]
  3780 | D:3      | HP: 16/47 [poisoned by a worker ant]
  3785 | D:2      | HP: 15/47 [poisoned by a worker ant]
  3793 | D:2      | HP: 14/47 [poisoned by a worker ant]
  4360 | D:4      | Identified the +1 hand axe "Qaunn" {flame, *Slow Str+8 Int+2} (You found it on level 4 of the Dungeon)
  4368 | D:4      | Noticed an ice beast
  4429 | D:4      | Reached skill level 4 in Invocations
  4442 | D:4      | Noticed a slave
  4443 | D:4      | Noticed Purgy
  4443 | D:4      | Noticed Pikel
  4444 | D:4      | Noticed a slave
  4444 | D:4      | Noticed a slave
  4517 | D:3      | Killed a slave
  4605 | D:4      | Noticed an ogre
  4610 | D:4      | Killed an ogre
  4726 | D:4      | HP: 19/47 [Purgy (6)]
  4729 | D:4      | Noticed a slave
  5029 | D:4      | Reached XP level 7. HP: 36/52 MP: 10/10
  5041 | D:4      | HP: 26/52 [poisoned by an orc]
  5047 | D:4      | HP: 24/52 [poisoned by an orc]
  5052 | D:4      | HP: 23/52 [poisoned by an orc]
  5060 | D:4      | HP: 23/52 [poisoned by an orc]
  5247 | D:4      | Found a hide-covered altar of Uskayaw.
  5259 | D:4      | HP: 23/52 [iguana (11)]
  5264 | D:4      | HP: 20/52 [orc priest (3)]
  5265 | D:4      | HP: 9/52 [orc wizard/puff of flame (11)]
  5542 | D:3      | HP: 26/52 [iguana (8)]
  5543 | D:3      | Reached skill level 5 in Invocations
  5716 | D:3      | Killed Purgy
  5716 | D:3      | Reached skill level 6 in Axes
  5870 | D:4      | Reached skill level 4 in Fighting
  5889 | D:4      | Found a blossoming altar of Fedhas.
  5982 | D:5      | Entered Level 5 of the Dungeon
  6071 | D:4      | Killed Pikel
  6071 | D:4      | Reached skill level 5 in Fighting
  6071 | D:4      | Reached skill level 7 in Axes
  6071 | D:4      | Reached XP level 8. HP: 36/62 MP: 11/11
  6248 | D:5      | HP: 30/62 [ice beast (11)]
  6251 | D:5      | Reached skill level 8 in Axes
  6872 | D:5      | Noticed Grinder
  6886 | D:5      | Killed Grinder
  7069 | D:6      | Reached XP level 9. HP: 62/69 MP: 12/12
  7139 | D:6      | Reached skill level 6 in Fighting
  7143 | D:6      | HP: 30/69 [wight/enchanted flail (7)]
  7148 | D:6      | Reached skill level 9 in Axes
  7747 | D:6      | HP: 30/71 [orc warrior/flail (12)]
  7972 | D:6      | HP: 32/71 [orc warrior/dire flail (11)]
  8202 | D:6      | Reached skill level 6 in Invocations
  8385 | D:6      | Reached **** piety under Lugonu
  8525 | D:6      | HP: 29/71 [orc warrior/halberd (9)]
  8536 | D:6      | HP: 29/71 [orc/mace (2)]
  8831 | D:5      | HP: 27/71 [orc warrior/war axe (22)]
  8844 | D:5      | HP: 24/71 [orc warrior/war axe (6)]
  9208 | D:6      | Found a glowing silver altar of Zin.
  9479 | D:7      | Reached skill level 7 in Fighting
  9549 | D:7      | Reached skill level 10 in Axes
  9577 | D:7      | Found an ornate altar of the Wu Jian Council.
  9578 | D:7      | HP: 33/72 [orc warrior/battleaxe (25)]
  9619 | D:7      | HP: 36/72 [orc warrior/battleaxe (6)]
  9865 | D:7      | Reached XP level 10. HP: 79/79 MP: 15/15
  9895 | D:7      | Reached skill level 7 in Invocations
 10142 | D:7      | HP: 29/79 [ogre/giant spiked club (11)]
 10509 | D:7      | Found a staircase to the Ecumenical Temple.
 10650 | D:7      | HP: 20/80 [ogre/giant spiked club (23)]
 11461 | D:8      | Reached skill level 8 in Fighting
 11461 | D:8      | Reached skill level 11 in Axes
 11745 | D:8      | Noticed Joseph
 11752 | D:8      | HP: 38/80 [Joseph/uncursed quarterstaff (7)]
 11753 | D:8      | Banished Joseph
 11859 | D:8      | Reached skill level 8 in Invocations
 12187 | D:8      | HP: 39/80 [killer bee (3)]
 12192 | D:7      | HP: 37/80 [poisoned by a killer bee]
 12197 | D:7      | HP: 32/80 [killer bee (1)]
 12203 | D:7      | HP: 30/81 [poisoned by a killer bee]
 12208 | D:7      | HP: 29/81 [poisoned by a killer bee]
 12215 | D:7      | HP: 29/81 [poisoned by a killer bee]
 12223 | D:7      | HP: 29/81 [poisoned by a killer bee]
 12488 | D:8      | Found a deep blue altar of Sif Muna.
 13265 | D:9      | Noticed a death yak
 13317 | D:9      | Killed a death yak
 13317 | D:9      | Reached skill level 9 in Fighting
 13317 | D:9      | Reached skill level 12 in Axes
 13317 | D:9      | Reached XP level 11. HP: 56/89 MP: 10/17
 13520 | D:9      | Found a white marble altar of Elyvilon.
 13563 | D:9      | Found Rizyorao's Book Emporium.
 13589 | D:9      | Noticed Erolcha
 13615 | D:9      | HP: 49/133 [Erolcha/giant club (20)]
 13621 | D:9      | Killed Erolcha
 13689 | D:9      | HP: 41/89 [troll (3)]
 14050 | D:9      | Noticed a death yak
 14068 | D:9      | HP: 44/89 [death yak (16)]
 14070 | D:9      | Noticed a death yak
 14072 | D:9      | Killed a death yak
 14077 | D:9      | HP: 37/90 [death yak (9)]
 14082 | D:9      | Found a staircase to the Lair.
 14600 | D:9      | Reached skill level 13 in Axes
 14809 | D:9      | Noticed a two-headed ogre
 14814 | D:9      | HP: 43/90 [two-headed ogre/giant club (8)]
 14817 | D:9      | Banished a two-headed ogre
 14817 | D:9      | Reached skill level 10 in Fighting
 14913 | D:9      | HP: 45/90 [hell rat (2)]
 14921 | D:8      | HP: 43/90 [hell rat (2)]
 14946 | D:8      | HP: 42/90 [killer bee (7)]
 14951 | D:8      | HP: 27/90 [killer bee (7)]
 15354 | D:9      | HP: 42/90 [vampire (5)]
 15359 | D:9      | HP: 29/90 [vampire (2)]
 15707 | D:9      | HP: 45/90 [death yak (4)]
 15711 | D:9      | Killed a death yak
 16169 | D:10     | Entered Level 10 of the Dungeon
 16382 | D:10     | Noticed Erica
 16401 | D:10     | HP: 46/92 [Erica/scimitar of flaming (1)]
 16403 | D:10     | Banished Erica
 17362 | D:10     | Reached skill level 1 in Shields
 17486 | D:10     | Reached XP level 12. HP: 97/98 MP: 18/18
 17861 | D:11     | Reached skill level 2 in Shields
 17862 | D:11     | HP: 48/98 [bullfrog skeleton (4)]
 17865 | D:11     | Reached skill level 14 in Axes
 17870 | D:11     | HP: 45/98 [poisoned by a hornet]
 18058 | D:11     | Found a portal to a secret trove of treasure.
 18134 | D:11     | Reached skill level 3 in Shields
 18158 | D:11     | HP: 48/98 [orc priest/nerve-wracking pain (6)]
 18251 | D:11     | Found a frozen archway.
 18358 | IceCv    | Entered an ice cave
 18423 | IceCv    | Noticed Ratty's ghost (journeyman CeBe)
 18461 | IceCv    | Killed Ratty's ghost
 18461 | IceCv    | Reached skill level 4 in Shields
 18684 | IceCv    | HP: 44/98 [ice statue/bolt of cold (17)]
 18687 | IceCv    | HP: 21/98 [ice statue] (3)]
 18688 | IceCv    | HP: 10/98 [ice statue] (11)]
 18688 | IceCv    | HP: 2/98 [ice statue/bolt of cold (8)]
 18689 | IceCv    | Killed from afar by an ice statue

Vanquished Creatures
  The ghost of Ratty the Markscentaur, a journeyman CeBe of Trog (IceCv)
  Erolcha (D:9)
  3 death yaks (D:9)
  Pikel (D:4)
  An ugly thing (IceCv)
  2 trolls
  A hornet (D:11)
  Grinder (D:5)
  A hippogriff (D:9)
  3 yaks (D:9)
  2 hungry ghosts
  A water moccasin (D:10)
  10 ice beasts
  Purgy (D:3)
  A porcupine (D:9)
  5 orc warriors
  A slave (D:3)
  A necrophage (D:8)
  4 sky beasts
  6 ogres
  6 centaurs
  A big kobold (D:9)
  8 bullfrogs
  A water moccasin zombie (D:9)
  6 killer bees
  10 wights
  The ghost of p0werm0de the Skirmisher, a weakling KoCK of Xom (D:3)
  4 howler monkeys (D:10)
  6 crimson imps
  A centaur zombie (D:7)
  2 centaur skeletons
  2 jellies
  10 orc wizards
  A bullfrog skeleton (D:11)
  2 bullfrog zombies
  4 hounds
  7 orc priests
  7 iguanas
  A hell rat (D:8)
  9 worker ants
  A hound zombie (D:8)
  A hound skeleton (D:8)
  A river rat (D:9)
  14 adders
  2 shadow imps
  2 oozes
  An adder skeleton (D:9)
  An adder zombie (D:11)
  A worm (D:2)
  4 dart slugs
  8 leopard geckos
  36 orcs
  5 ball pythons
  11 giant cockroaches
  10 goblins
  9 hobgoblins
  17 jackals
  5 quokkas
  2 bats
  11 frilled lizards
  13 kobolds
  12 rats
303 creatures vanquished.

Vanquished Creatures (others)
  A two-headed ogre (D:9)
  A vampire (D:9)
  2 orc warriors (D:6)
  A centaur (D:9)
5 creatures vanquished.

Grand Total: 308 creatures vanquished
